Map: Acid Plant LE

Players

Kozzy - Winner!

  • Race: Protoss Protoss
  • League: Gold
  • Spawn Location: 5:00

Durentis

  • Race: Protoss Protoss
  • League: Silver
  • Spawn Location: 11:00

VOD

Have the link to the VOD?

Description

Time

  • Played on: April 1, 2018, 4:47 a.m.
  • Length: 10:58
Show
View Real Time Build Order
Export as new Build Order

Kozzy Protoss - Winner!

Build Orders: Zealot Archon 

Get SALT Encoding   

  12  0:02  Probe  
  13  0:15  Probe  
  13  0:18  Pylon  
  14  0:27  Probe  
  15  0:39  Gateway  
  15  0:41  Probe  
  16  0:52  Assimilator  
  16  0:53  Probe  
  17  1:04  Assimilator  
  17  1:05  Probe  
  18  1:17  Probe  
  19  1:26  Pylon  
  19  1:31  Cybernetics Core  
  19  1:34  Probe (Chrono Boost)  
  20  1:45  Probe (Chrono Boost)  
  21  1:49  Probe (Chrono Boost)  
  22  1:55  Forge  
  22  2:00  Probe  
  23  2:13  Probe  
  23  2:14  Stalker  
  26  2:23  Shield Battery  
  26  2:24  Protoss Ground Weapons Level 1 (Chrono Boost)  
  26  2:31  Probe, Warp Gate  
  27  2:38  Pylon  
  27  2:45  Stalker  
  29  2:51  Probe  
  30  3:00  Pylon  
  30  3:04  Probe, Pylon  
  31  3:16  Probe, Stalker  
  34  3:24  Gateway  
  34  3:30  Gateway  
  34  3:45  Photon Cannon  
  34  3:49  Pylon  
  34  3:51  Stalker  
  36  4:11  Stalker  
  36  4:16  Twilight Council  
  38  4:17  Pylon  
  38  4:40  Nexus  
  42  4:56  Probe  
  43  5:05  Blink (Chrono Boost)  
  43  5:06  Pylon  
  39  5:07  Protoss Ground Weapons Level 2 (Chrono Boost)  
  39  5:08  Probe  
  39  5:12  Gateway  
  40  5:18  Pylon  
  40  5:20  Probe  
  41  5:32  Probe (Chrono Boost)  
  43  5:43  Probe (Chrono Boost)  
  43  5:47  Probe (Chrono Boost)  
  42  5:58  Probe  
  42  6:01  Gateway  
  43  6:04  Assimilator  
  43  6:06  Pylon  
  43  6:07  Probe  
  43  6:11  Probe  
  45  6:12  Stalker x3  
  51  6:19  Photon Cannon  
  51  6:27  Pylon, Gateway  
  51  6:38  Probe (Chrono Boost)  
  51  6:39  Probe (Chrono Boost)  
  54  6:48  Probe (Chrono Boost)  
  54  6:49  Stalker  
  54  6:50  Probe (Chrono Boost)  
  54  6:52  Probe (Chrono Boost)  
  57  6:59  Probe, Charge (Chrono Boost)  
  57  7:01  Pylon  
  59  7:09  Templar Archives  
  59  7:10  Probe  
  59  7:11  Pylon, Probe  
  61  7:16  Assimilator, Zealot x2  
  61  7:22  Probe, Gateway  
  66  7:23  Probe  
  66  7:28  Zealot x2  
  71  7:30  Protoss Ground Weapons Level 3 (Chrono Boost)  
  71  7:35  Zealot  
  73  7:44  Pylon  
  73  7:47  Zealot x2  
  77  7:52  High Templar x2  
  77  7:56  Archon  
  81  8:01  Zealot x2  
  85  8:09  Photon Cannon  
  85  8:10  High Templar x2  
  89  8:14  Archon  
  89  8:24  Pylon, Gateway  
  89  8:28  Gateway  
  89  8:41  Robotics Facility  
  89  8:42  Pylon  
  89  8:43  High Templar x2  
  89  8:48  High Templar x2  
  97  8:49  Archon  
  97  8:55  Archon  
  97  8:57  Zealot x3  
  103  9:04  Gateway  
  103  9:26  Nexus  
  103  9:28  Pylon  
  103  9:31  Observer (Chrono Boost)  
  104  9:47  Observer (Chrono Boost)  
  87  10:06  Warp Prism  
  83  10:37  High Templar x5  
  83  10:38  High Templar  
  83  10:40  Zealot x3  
  83  10:41  Archon  
  83  10:42  Archon x2  
Show
View Real Time Build Order
Export as new Build Order

Durentis Protoss 

Build Orders:  

Get SALT Encoding   

  12  0:01  Probe  
  13  0:13  Probe  
  14  0:19  Pylon  
  14  0:25  Probe  
  15  0:37  Probe  
  15  0:39  Gateway  
  16  0:54  Probe (Chrono Boost)  
  17  1:03  Assimilator  
  18  1:05  Probe (Chrono Boost)  
  18  1:09  Probe (Chrono Boost)  
  19  1:21  Probe  
  20  1:26  Assimilator  
  20  1:33  Probe  
  20  1:36  Cybernetics Core  
  21  1:45  Probe  
  22  1:57  Probe  
  23  2:01  Gateway x2  
  22  2:09  Probe  
  22  2:10  Warp Gate (Chrono Boost)  
  23  2:16  Pylon  
  23  2:25  Pylon  
  23  2:34  Probe, Zealot  
  26  2:46  Probe, Robotics Facility  
  27  2:58  Probe  
  28  3:01  Sentry, Stalker  
  28  3:03  Zealot  
  34  3:13  Probe  
  35  3:35  Nexus  
  35  3:40  Pylon  
  35  3:46  Probe  
  36  3:58  Probe  
  41  4:02  Immortal  
  41  4:11  Probe  
  42  4:20  Zealot  
  42  4:23  Probe  
  45  4:29  Shield Battery  
  45  4:35  Probe  
  44  4:48  Probe (Chrono Boost)  
  44  4:49  Probe (Chrono Boost)  
  46  4:58  Probe x2 (Chrono Boost)  
  48  5:02  Robotics Bay  
  48  5:03  Probe x2 (Chrono Boost)  
  50  5:07  Stalker x2  
  54  5:14  Probe  
  54  5:16  Probe, Twilight Council  
  56  5:25  Assimilator  
  56  5:26  Probe  
  56  5:28  Assimilator  
  57  5:29  Probe  
  57  5:31  Zealot  
  61  5:35  Observer  
  61  5:41  Probe  
  62  5:53  Shield Battery  
  62  5:54  Shield Battery  
  62  6:10  Pylon  
  62  6:12  Pylon  
  62  6:17  Pylon  
  62  6:19  Pylon  
  62  6:20  Extended Thermal Lance  
  62  6:22  Charge  
  62  6:28  Probe, Disruptor  
  66  6:32  Forge  
  66  6:34  Zealot  
  66  6:35  Zealot x2  
  72  6:42  Stargate  
  72  6:53  Gateway  
  72  6:55  Gateway  
  72  7:00  Gateway  
  72  7:01  Colossus (Chrono Boost)  
  72  7:08  Templar Archives  
  78  7:26  Robotics Facility  
  78  7:33  Protoss Ground Weapons Level 1  
  78  7:42  Forge, Shield Battery  
  78  7:48  Observer  
  78  7:50  Void Ray  
  83  8:03  Blink  
  83  8:15  Nexus  
  83  8:17  Pylon  
  83  8:24  Stargate  
  83  8:27  Stargate  
  83  8:33  Void Ray  
  87  8:36  Zealot x3  
  93  8:59  Stalker x4  
  101  9:08  Pylon  
  101  9:10  Pylon  
  101  9:11  Pylon  
  101  9:14  Probe  
  102  9:26  Probe x2  
  104  9:38  Probe, Immortal  
  104  9:39  Probe, Immortal  
  58  10:00  Zealot x6  
  58  10:14  Void Ray x2 (Chrono Boost)  
  36  10:42  High Templar x3  
  41  10:46  Archon  
Tags
 
Composition
Zealot Archon
Matchup
PvP
Spawn Locations
Cross Positions
Add a new tag
Caveats
  • Supply blocks, unpowered buildings, or Contaminate may cause inaccurate times.
  • Supply counts are checked every 10 seconds.